Map: Zen LE

Players

SecretPoo - Winner!

  • Race: Terran Terran
  • Spawn Location: 1:00

A.I. 1 (Very Easy)

  • Race: Protoss Protoss
  • Spawn Location: 7:00

VOD

Have the link to the VOD?

Description

Time

  • Played on: June 9, 2020, 6:24 p.m.
  • Length: 5:43
Show
View Real Time Build Order
Export as new Build Order

SecretPoo Terran - Winner!

Build Orders: 1/1/1, Liberator Opening 

Get SALT Encoding   

  12  0:01  SCV  
  13  0:13  SCV  
  14  0:17  Supply Depot  
  14  0:25  SCV  
  15  0:29  Refinery  
  15  0:39  SCV  
  16  0:46  Barracks  
  16  0:52  SCV  
  17  1:02  Refinery  
  17  1:04  SCV  
  18  1:16  SCV  
  18  1:17  Supply Depot  
  19  1:32  Factory  
  19  1:34  SCV  
  19  1:39  Marine  
  21  1:46  SCV  
  22  1:57  Marine  
  22  1:59  Bunker  
  23  2:03  SCV  
  24  2:16  Factory Tech Lab  
  24  2:20  Starport  
  24  2:30  SCV  
  24  2:34  Siege Tank  
  28  2:42  Supply Depot  
  28  2:59  Liberator  
  31  3:06  Siege Tank  
  34  3:15  Barracks  
  34  3:22  Supply Depot  
  34  3:25  Marine  
  35  3:38  Cyclone  
  38  3:47  Viking  
  40  3:56  Engineering Bay  
  40  4:11  Cyclone  
  43  4:22  Missile Turret  
  43  4:29  Orbital Command  
  43  4:55  Command Center  
  43  4:58  Supply Depot  
  43  5:04  Widow Mine  
  45  5:24  SCV  
Show
View Real Time Build Order
Export as new Build Order

A.I. 1 (Very Easy) Protoss 

Build Orders:  

Get SALT Encoding   

  12  0:00  Probe  
  13  0:13  Probe  
  14  0:19  Pylon  
  14  0:37  Assimilator  
  14  0:43  Gateway  
  14  0:46  Pylon  
  14  1:13  Assimilator  
  14  1:22  Zealot  
  14  1:23  Probe  
  14  1:31  Probe  
  17  1:35  Cybernetics Core  
  18  1:41  Probe  
  19  1:54  Probe  
  18  2:01  Warp Gate  
  20  2:02  Probe  
  21  2:10  Probe  
  22  2:38  Stalker  
  24  4:40  Stalker  
  24  4:42  Pylon  
  22  4:52  Probe  
  19  4:56  Pylon  
  19  5:04  Probe  
  20  5:08  Zealot  
  20  5:16  Probe  
  16  5:21  Cybernetics Core  
  16  5:28  Probe  
Tags
 
Add a new tag
Caveats
  • Supply blocks, unpowered buildings, or Contaminate may cause inaccurate times.
  • Supply counts are checked every 10 seconds.